 Dungeon Crawl Stone Soup version 0.25-a0-435-g4b9beb1024 (webtiles) character file.

Game seed: 15573062015162735621, levelgen mode: deterministic

336 kae the Insei (level 6, -2/34 HPs)
             Began as a Tengu Transmuter on Jan 29, 2020.
             Killed by divine providence
             ... invoked by an orc priest
              (11 damage)
             ... on level 3 of the Dungeon.
             The game lasted 00:02:46 (2082 turns).

kae the Insei (Tengu Transmuter)                    Turns: 2082, Time: 00:02:47

Health: -2/34      AC:  2    Str: 11    XL:     6   Next: 54%
Magic:  1/10       EV: 20    Int: 13    God:
Gold:   118        SH:  0    Dex: 21    Spells: 3/9 levels left

rFire    . . .     SeeInvis .     - Unarmed
rCold    . . .     Gourm    .   (shield currently unavailable)
rNeg     . . .     Faith    .   (armour currently unavailable)
rPois    x         Spirit   .   (helmet currently unavailable)
rElec    .         Reflect  .   (cloak currently unavailable)
rCorr    .         Harm     .   (gloves currently unavailable)
MR       .....                  (boots unavailable)
Stlth    ++........             h - amulet of regeneration
HPRegen  0.51/turn              (no ring)
MPRegen  0.12/turn              (no ring)

@: spider-form (expiring), very slightly contaminated
A: tiny, able to fly
a: Fly, End Transformation


You were on level 3 of the Dungeon.
You were not hungry.
You were a venomous arachnid creature.
You visited 1 branch of the dungeon, and saw 3 of its levels.

You collected 118 gold pieces.

Inventory:

Missiles
 a - 33 arrows
Armour
 b - a +0 robe (melded)
Jewellery
 h - an amulet of regeneration (around neck)
Wands
 c - a wand of enslavement (4)
 m - a wand of iceblast (8)
Scrolls
 e - 2 scrolls of identify
Comestibles
 d - 6 rations
 f - 2 chunks of flesh


   Skills:
 - Level 1.0 Fighting
 - Level 2.1 Dodging
 * Level 6.7 Unarmed Combat
 - Level 2.0 Spellcasting
 + Level 3.3 Transmutations


You had 3 spell levels left.
You knew the following spells:

 Your Spells              Type           Power        Failure   Level  Hunger
a - Beastly Appendage     Tmut           ##....       17%         1    ##.....
b - Sticks to Snakes      Tmut           ##......     24%         2    ###....
c - Spider Form           Tmut/Pois      #.........   58%         3    ####...

Your spell library contained the following spells:

 Spells                   Type           Power        Failure   Level  Hunger
 Ice Form                 Ice/Tmut       #.......     90%         4    #####..
 Blade Hands              Tmut           ##........   96%         5    ######.


Dungeon Overview and Level Annotations

Branches:
Dungeon (3/15)

Altars:


Innate Abilities, Weirdness & Mutations

((You have a beak for a mouth.))
((You have claws for feet.))
You can fly continuously.


Message History

Casting: Spider Form (slightly dangerous; 36% risk of failure)
Confirm with . or Enter, or press ? or * to list all spells.
You miscast Spider Form.
Wisps of poison gas drift from your hands.
The orc priest hits you with a +0 whip. The orc barely misses you.
You hit the orc priest. You peck the orc priest.
The orc priest is moderately wounded.
The orc priest hits you with a +0 whip. The orc closely misses you.
Casting: Spider Form (slightly dangerous; 36% risk of failure)
Confirm with . or Enter, or press ? or * to list all spells.
You turn into a venomous arachnid creature.
Your +0 robe melds into your body.
Your transformation is almost over.
The orc priest mumbles some strange prayers to Beogh against you.
Beogh smites you!
* * * LOW HITPOINT WARNING * * *
The orc barely misses you.
The orc priest calls down the wrath of Beogh upon you.
Beogh smites you!
You die...

.# #.......# ..# ##.......# .
...##........# ..
................# #..........
.#...............####..........
...... #..........##.........#
......###........#..(.........#
.......##......†.o..>....l...!#
#......##.######s####..........
#......#..# #o####..........
#........# #l().÷.<........
#..#.....######..............#
###................(%.....#
#...#####.........$....## ....
#....####..##..........#
....###.....#.......(..###...#
.#........#......###.#.# ....#


You could see an orc priest, an orc and a frilled lizard.

Vanquished Creatures
  Sigmund (D:2)
  A jelly (D:2)
  An orc priest (D:3)
  2 adders (D:2)
  2 oozes
  2 worms (D:2)
  A dart slug (D:1)
  2 leopard geckos (D:1)
  4 orcs
  8 bats
  9 giant cockroaches
  8 goblins
  6 hobgoblins
  6 jackals
  6 frilled lizards
  8 kobolds
  10 rats
77 creatures vanquished.

Notes
Turn   | Place    | Note
-------+----------+-------------------------------------------
     0 | D:1      | kae the Tengu Transmuter began the quest for the Orb.
     0 | D:1      | Reached XP level 1. HP: 12/12 MP: 4/4
   133 | D:1      | Reached XP level 2. HP: 16/16 MP: 4/6
   473 | D:1      | Reached skill level 4 in Unarmed Combat
   683 | D:1      | Reached XP level 3. HP: 14/20 MP: 5/7
  1167 | D:2      | Reached XP level 4. HP: 25/25 MP: 6/8
  1309 | D:2      | Reached skill level 5 in Unarmed Combat
  1325 | D:2      | Learned a level 2 spell: Sticks to Snakes
  1329 | D:2      | Learned a level 3 spell: Spider Form
  1493 | D:2      | Noticed Sigmund
  1549 | D:3      | Gained mutation: You can fly continuously. [Tengu growth]
  1549 | D:3      | Reached XP level 5. HP: 27/29 MP: 7/9
  1720 | D:2      | Killed Sigmund
  1720 | D:2      | Reached skill level 6 in Unarmed Combat
  1720 | D:2      | Reached XP level 6. HP: 21/34 MP: 10/10
  2082 | D:3      | Killed from afar by an orc priest

Levels and vault maps discovered:
D:1:      grunt_arrival_crossed_arrows, layout_loops_corners,
          minmay_misc_feat_enclosed
D:2:      layout_rooms, minmay_circled_x, uniq_sigmund
D:3:      layout_rooms

Skill      XL: |  1  2  3  4  5 |
---------------+----------------+-----
Unarmed Combat | 4 5 6 |  6.7
Transmutations | 2 3 |  3.3
Fighting       | |  1.0
Dodging        | |  2.1
Spellcasting   | |  2.0

Action                   |  1- 3 |  4- 6 || total
-------------------------+-------+-------++-------
Melee: Unarmed           |    75 |   106 ||   181
       Kick              |     9 |    27 ||    36
       Peck              |     5 |    13 ||    18
       Headbutt          |     5 |     7 ||    12
       Punch             |     1 |     2 ||     3
 Cast: Beastly Appendage |    22 |    20 ||    42
       Spider Form       |       |     2 ||     2
  Use: Scroll            |     4 |     7 ||    11
       Potion            |       |     3 ||     3
 Stab: Sleeping          |     1 |       ||     1
  Eat: Chunk             |     1 |     4 ||     5
Armor: Robe              |    10 |    11 ||    21
       Skin              |       |     3 ||     3
Dodge: Dodged            |    43 |    66 ||   109

Table legend:
 A = Non-vault XP
 B = Vault XP
 C = Vault XP percentage of total XP
 D = Non-vault monster count
 E = Vault monster count
 F = Vault count percentage of total count
                 A         B        C        D         E       F
            +---------+---------+-------+---------+---------+-------
      Total |     247 |     234 |  48.6 |      72 |       5 |   6.5
            +---------+---------+-------+---------+---------+-------
        D:1 |      53 |       0 |   0.0 |      26 |       0 |   0.0
        D:2 |     120 |     234 |  66.1 |      28 |       5 |  15.2
        D:3 |      74 |       0 |   0.0 |      18 |       0 |   0.0
            +---------+---------+-------+---------+---------+-------
